 Dungeon Sprint DCSS version 0.30-a0-989-g0d87f670db (webtiles) character file.

Game seed: 16919939435307510810

7 fozzywoppz the Trooper (level 1, 0/18 HPs)
             Began as a Demonspawn Monk on Apr 2, 2023.
             Was a Believer of Jiyva.
             Slain by a crimson imp (3 damage)
             ... in the Dungeon (Sprint VII: "The Pits").
             The game lasted 00:01:21 (132 turns).

fozzywoppz the Trooper (Demonspawn Monk)             Turns: 132, Time: 00:01:22

Health: 0/18       AC:  2    Str: 11    XL:     1   Next: 83%
Magic:  1/1        EV: 13    Int: 11    God:    Jiyva [**....]
Gold:   0          SH:  0    Dex: 15    Spells: 0/0 levels left

rFire   . . .      SeeInvis .      - Unarmed
rCold   . . .      Faith    .    (no shield)
rNeg    . . .      Spirit   .    a - +0 robe
rPois   .          Reflect  .    (no helmet)
rElec   .          Rampage  .    (no cloak)
rCorr   +          NoTele   +    (no gloves)
Will    .....                    (no boots)
Stlth   ++                       (no amulet)
HPRegen 1.19/turn                (no ring)
MPRegen 0.37/turn                (no ring)

@: lethally poisoned (0 -> -2)
A: no striking features
a: Renounce Religion


You were in the Dungeon.
You worshipped Jiyva.
Jiyva was pleased with you.
You visited 1 branch

Inventory:

Armour
 a - a +0 robe (worn)
Scrolls
 h - a scroll of blinking
 j - 5 scrolls of amnesia
 k - a scroll of summoning
Potions
 b - a potion of ambrosia
 c - a potion of curing
 d - a potion of heal wounds
 e - a potion of haste
 f - 4 potions of magic
 g - 3 potions of berserk rage
 i - 2 potions of invisibility


   Skills:
 + Level 3.5 Fighting
 + Level 3.2 Dodging
 + Level 2.5 Stealth
 + Level 3.2 Unarmed Combat


You couldn't memorise any spells.
You didn't know any spells.
Your spell library was empty.

Dungeon Overview and Level Annotations

Branches:
Dungeon (1/1)

Altars:
Ashenzari
Cheibriados
Dithmenos
Fedhas
Gozag
Hepliaklqana
Kikubaaqudgha
Makhleb
Nemelex Xobeh
Okawaru
Qazlal
Ru
Sif Muna
Trog
Uskayaw
Vehumet
Wu Jian
Xom
Yredelemnul
Jiyva
Lugonu


Message History

The bat zombie barely misses you. x2; The bat zombie hits you.
There is an open door here.
The hobgoblin shouts!
The bat zombie hits you but does no damage. x2
You hear a distant slurping noise.
The crimson imp blinks!
The bat zombie hits you but does no damage.
You hit the scorpion.
The scorpion is moderately wounded.
The bat zombie barely misses you. The scorpion stings you.
You are poisoned.
The scorpion poisons you! The bat zombie barely misses you.
The hobgoblin hits you.
The crimson imp blinks!
Unknown command.
The hobgoblin attacks as you move away! The hobgoblin barely misses you.
You feel very sick. The bat zombie completely misses you.
You hear a shout!
The bat zombie hits you but does no damage.
The scorpion closely misses you. The bat zombie hits you.
There is an open door here.
The hobgoblin attacks as you move away! The hobgoblin barely misses you.
The scorpion attacks as you move away! The scorpion stings you.
You are more poisoned.
The scorpion poisons you!
You feel very sick. The bat zombie misses you. The crimson imp misses you.
Unknown command.
You feel very sick. The crimson imp hits you.
* * * LOW HITPOINT WARNING * * *
Unknown command.
* * * LOW HITPOINT WARNING * * *
You feel sick. The crimson imp closely misses you.
You hear a distant slurping noise. x2
There is an open door here.
Unknown command.
The crimson imp attacks as you move away!
The crimson imp hits you.
You die...

#_________.#
#_______...###########++
##########'##...........
#.?(.')))'.##......#..#.
##########.##...........
#..........)+...........
#+#####'#####......#..#.
#.....##...........
#####@#####'#####++
#..Z5s##.......#
#.....##.......#
###g####.......#
#.....##...<...#
#........##.......#
#........##.......#
###########.......#
#########


You could see a scorpion, a crimson imp, a bat zombie and a hobgoblin.

Vanquished Creatures
  A bat (D)
  2 jackals (D)
  A kobold (D)
  A ball python (D)
  A quokka skeleton (D)
6 creatures vanquished.

Vanquished Creatures (others)
  2 pearl dragons (D)
  2 acid blobs (D)
  3 azure jellies (D)
  An angel (D)
  A balrug (D)
  A blizzard demon (D)
  A fire dragon (D)
  A hell beast (D)
  A dancing weapon (D)
  A hell knight (D)
  A swamp dragon (D)
  2 necromancers (D)
  A manticore (shapeshifter) (D)
  A naga mage (D)
  A tormentor (D)
  A golden eye (D)
  A naga (D)
22 creatures vanquished.

Grand Total: 28 creatures vanquished

Notes
Turn   | Place    | Note
-------+----------+-------------------------------------------
     0 | D        | fozzywoppz the Demonspawn Monk began the quest for the Orb.
     0 | D        | Reached XP level 1. HP: 18/18 MP: 1/1
    16 | D        | Found a bloodstained altar of Trog.
    16 | D        | Found a shimmering blue altar of Sif Muna.
    16 | D        | Found a viscous altar of Jiyva.
    16 | D        | Found a hazy altar of Hepliaklqana.
    16 | D        | Found an opulent altar of Gozag.
    17 | D        | Found a basalt altar of Yredelemnul.
    17 | D        | Found a shimmering altar of Xom.
    17 | D        | Found an ornate altar of the Wu Jian Council.
    17 | D        | Found a sacrificial altar of Ru.
    17 | D        | Found a stormy altar of Qazlal.
    17 | D        | Found an iron altar of Okawaru.
    17 | D        | Found a sparkling altar of Nemelex Xobeh.
    17 | D        | Found a burning altar of Makhleb.
    17 | D        | Found a blossoming altar of Fedhas.
    17 | D        | Found a shadowy altar of Dithmenos.
    17 | D        | Found a snail-covered altar of Cheibriados.
    18 | D        | Found a radiant altar of Vehumet.
    18 | D        | Found a corrupted altar of Lugonu.
    41 | D        | Found a hide-covered altar of Uskayaw.
    41 | D        | Found an ancient bone altar of Kikubaaqudgha.
    41 | D        | Found a broken altar of Ashenzari.
    65 | D        | Became a worshipper of Jiyva Juuxt the Shapeless
    65 | D        | Reached * piety under Jiyva
    65 | D        | Reached ** piety under Jiyva
    65 | D        | Killed a swamp dragon
    65 | D        | Killed an angel
    66 | D        | Killed a balrug
    67 | D        | Killed a manticore
    69 | D        | Killed an azure jelly
    69 | D        | Killed a naga mage
    73 | D        | Killed a hell knight
    73 | D        | Killed a pearl dragon
    75 | D        | Killed a golden eye
    75 | D        | Killed a necromancer
    76 | D        | Killed a necromancer
    76 | D        | Killed an acid blob
    82 | D        | Killed a naga
    84 | D        | Killed an azure jelly
    84 | D        | Killed a fire dragon
    84 | D        | Killed a hell beast
    87 | D        | Killed a glowing dire flail
    89 | D        | Killed an azure jelly
    99 | D        | Killed an acid blob
   103 | D        | Killed a tormentor
   108 | D        | Killed a blizzard demon
   125 | D        | Noticed a scorpion
   125 | D        | Noticed a crimson imp
   128 | D        | Killed a pearl dragon
   132 | D        | Slain by a crimson imp

Illustrated notes

Levels and vault maps discovered:
D:        pitsprint [storerooms_1, entrance_room_1, metal_vault_1, armoury_2,
          mini_pit_1, grid_room_1, main_hall_1, silver_pit, the_coven_3,
          the_vestibule_1, steel_vault_5, golden_pit, hallway_of_sentries,
          crystal_vault_3, iron_vault_3, final_vault]

Skill      XL: |  1 |
---------------+----+-----
Stealth        | 2 |  2.5
Dodging        | 3 |  3.2
Unarmed Combat | 3 |  3.2
Fighting       | |  3.5

Action                     || total
---------------------------++-------
  Melee: Unarmed           ||    27
   Stab: Sleeping          ||     1
 Armour: Robe              ||    10
  Dodge: Dodged            ||    44

Table legend: (Time is in decaauts)
 A = Elapsed time spent in this place.
 B = Non-inter-level travel time spent in this place.
 C = Inter-level travel time spent in this place.
 D = Time resting spent in this place.
 E = Time spent auto-exploring this place.
 F = Levels seen in this place.
 G = Mean time per level.
                   A        B        C        D        E       F      G
               +--------+--------+--------+--------+--------+-----+--------+
         Total |    130 |    130 |      0 |      0 |      0 |   1 |  130.0 |
       Dungeon |    130 |    130 |      0 |      0 |      0 |   1 |  130.0 |
               +--------+--------+--------+--------+--------+-----+--------+

Top non-repeatable levels by time:
       D: 130 daAuts
